 Dungeon Crawl Stone Soup version 0.22-a0-617-g6d95e9e (webtiles) character file.

9706 magipi the Thaumaturge (level 11, -4/81 HPs)
             Began as a Gnoll Ice Elementalist on July 12, 2018.
             Was a High Priest of Okawaru.
             Splashed by Kirke the caustic shrike's acid (7 damage)
             ... on level 12 of the Dungeon.
             The game lasted 01:01:28 (12775 turns).

magipi the Thaumaturge (Gnoll Ice Elementalist)    Turns: 12775, Time: 01:01:28

Health: -4/81      AC:  8    Str: 11    XL:     11   Next: 50%
Magic:  7/7        EV: 17    Int: 20    God:    Okawaru [*****.]
Gold:   896        SH:  0    Dex: 16    Spells: 10/26 levels left

rFire    . . .     SeeInvis .   b - +5 demon whip "Spellbinder" {antimagic, MR+}
rCold    + . .     Gourm    .   (no shield)
rNeg     . . .     Faith    .   u - +2 robe {MR+}
rPois    .         Spirit   .   p - +1 helmet
rElec    .         Reflect  .   r - +0 cloak
rCorr    .         Harm     .   (no gloves)
MR       +++..                  (no boots)
Stlth    ++++......             F - amulet of magic regeneration
HPRegen  0.23/turn              c - ring of protection from cold
MPRegen  0.35/turn              m - ring of protection from magic

@: very slightly contaminated
A: distributed training, fangs 1, strong nose
a: Heroism, Finesse, Renounce Religion


You were on level 12 of the Dungeon.
You worshipped Okawaru.
Okawaru was extremely pleased with you.
You were not hungry.

You visited 1 branch of the dungeon, and saw 12 of its levels.

You collected 896 gold pieces.

Inventory:

Hand Weapons
 a - a +0 dagger
   (You took it off a goblin on level 1 of the Dungeon)
 b - the +5 demon whip "Spellbinder" (weapon) {antimagic, MR+}
   (Okawaru gifted it to you on level 12 of the Dungeon)

   It reduces the magical energy of the wielder, and disrupts the spells and
   magical abilities of those hit.
   Natural abilities and divine invocations are not affected.
   It affects your resistance to hostile enchantments.
 w - a +0 hand crossbow
   (You found it on level 3 of the Dungeon)
 D - a +2 trident of venom
   (You took it off an orc on level 9 of the Dungeon)
 I - a +5 quarterstaff of chaos
   (You took it off Crazy Yiuf on level 7 of the Dungeon)
Missiles
 q - 2 throwing nets (quivered)
 v - 43 bolts
Armour
 p - a +1 helmet (worn)
   (You found it on level 5 of the Dungeon)
 r - a +0 cloak (worn)
   (You took it off Crazy Yiuf on level 7 of the Dungeon)
 u - a +2 robe of magic resistance (worn)
   (You took it off Pikel on level 6 of the Dungeon)
 G - a scarf of cloud immunity
   (You found it on level 10 of the Dungeon)
 M - +0 pearl dragon scales
   (You found it on level 11 of the Dungeon)
Jewellery
 c - a ring of protection from cold (left hand)
   (You found it on level 12 of the Dungeon)
 m - a ring of protection from magic (right hand)
   (You found it on level 11 of the Dungeon)
 F - an amulet of magic regeneration (around neck)
   (You found it on level 9 of the Dungeon)
Wands
 d - a wand of digging (17)
   (You found it on level 11 of the Dungeon)
 s - a wand of paralysis (36)
   (You took it off a big kobold on level 10 of the Dungeon)
 C - a wand of flame (20)
   (You found it on level 8 of the Dungeon)
 H - a wand of polymorph (12)
   (You found it on level 10 of the Dungeon)
 K - a wand of iceblast (23)
   (You found it on level 7 of the Dungeon)
Scrolls
 f - a scroll of enchant weapon
 i - 6 scrolls of remove curse
 j - 3 scrolls of identify
 k - 3 scrolls of teleportation
 n - 3 scrolls of immolation
 E - 2 scrolls of enchant armour
Potions
 e - a potion of mutation
 g - 2 potions of invisibility
 l - 2 potions of haste
 o - a potion of flight
 x - 2 potions of curing
 y - 2 potions of magic
 A - a potion of cancellation
 B - a potion of heal wounds
 J - 2 potions of ambrosia
Comestibles
 L - 21 rations


   Skills:
 + Level 6.2 Fighting
 + Level 6.2 Short Blades
 + Level 6.2 Long Blades
 + Level 6.2 Axes
 + Level 6.2 Maces & Flails
 + Level 6.2 Polearms
 + Level 6.2 Staves
 + Level 6.2 Slings
 + Level 6.2 Bows
 + Level 6.2 Crossbows
 + Level 6.2 Throwing
 + Level 6.2 Armour
 + Level 7.8 Dodging
 + Level 7.6 Stealth
 + Level 6.2 Shields
 + Level 6.2 Unarmed Combat
 + Level 8.1 Spellcasting
 + Level 5.6 Conjurations
 + Level 5.1 Hexes
 + Level 5.1 Charms
 + Level 5.1 Summonings
 + Level 5.1 Necromancy
 + Level 5.1 Translocations
 + Level 5.1 Transmutations
 + Level 5.1 Fire Magic
 + Level 7.6 Ice Magic
 + Level 5.1 Air Magic
 + Level 5.1 Earth Magic
 + Level 5.1 Poison Magic
 + Level 6.8 Invocations
 + Level 6.2 Evocations


You had 10 spell levels left.
You knew the following spells:

 Your Spells              Type           Power        Failure   Level  Hunger
a - Apportation           Tloc           ####..       1%          1    None
e - Animate Skeleton      Necr           N/A          1%          1    None
f - Freeze                Ice            ####         1%          1    None
i - Summon Ice Beast      Ice/Summ       ####....     6%          4    ###....
o - Ozocubu's Armour      Chrm/Ice       ####....     1%          3    None
r - Regeneration          Chrm/Necr      ####......   3%          3    None
w - Spectral Weapon       Hex/Chrm       ####....     3%          3    None

Your spell library contained the following spells:

 Spells                   Type           Power        Failure   Level  Hunger
 Magic Dart               Conj           ####         1%          1    None
 Throw Frost              Conj/Ice       ####..       1%          2    None
 Summon Small Mammal      Summ           ####         1%          1    None
 Iskenderun's Mystic Bla  Conj           ####....     9%          4    ###....
 Throw Icicle             Conj/Ice       ####....     5%          4    ###....
 Confusing Touch          Hex            ####..       1%          1    None
 Shroud of Golubria       Chrm/Tloc      ####......   1%          2    None
 Fulminant Prism          Conj/Hex       ####......   9%          4    ###....
 Dazzling Spray           Conj/Hex       ####..       2%          3    None
 Force Lance              Conj/Tloc      ####....     9%          4    ###....
 Infusion                 Chrm           ####         1%          1    None
 Song of Slaying          Chrm           ####....     1%          2    None
 Searing Ray              Conj           ####..       1%          2    None


Dungeon Overview and Level Annotations

Branches:
Dungeon (12/15)            Temple (0/1) D:7            Lair (0/6) D:10
    Orc (0/2) D:12

Altars:
Dithmenos
Elyvilon
Fedhas
Hepliaklqana
Kikubaaqudgha
Nemelex Xobeh
Okawaru
Qazlal
Ru
Sif Muna
Trog
Vehumet
Xom
The Shining One

Shops:
D:11 (

Annotations:
D:6 Sigmund
D:9 2 runed doors, Nib's ghost, journeyman GrFi
D:12 Kirke


Innate Abilities, Weirdness & Mutations

Your experience applies equally to all skills.
You have very sharp teeth.
Your uncanny sense of smell can sniff out nearby items.


Message History

Unknown command. 4 hogs and 2 wights come into view.
A hog comes into view.
The hog moves out of view.
The wight moves out of view.
Found 9 sling bullets.
Found a stone staircase leading down.
Unknown command.
Unknown command.
Unknown command.
Unknown command.
Evoke which item? (* to show all) (? for menu, Esc to quit)
Okay, then.
Unknown command.
A wight comes into view. It is wielding a scimitar.
An orc wizard comes into view. It is wielding a dagger.
A deep elf mage comes into view. It is wielding a long sword.
The slime creature hits you but does no damage.
An orc comes into view. It is wielding a flail.
Found a staircase to the Orcish Mines.
You catch the helpless slime creature completely off-guard!
You impale the slime creature!!
The slime creature is heavily wounded.
An orc warrior comes into view. It is wielding a halberd.
The wight completely misses you.
Unknown command.
The orc shouts!
Kirke shouts!
The hog squeals angrily.
The orc warrior shouts!
The hog squeals angrily.
You hear a shout!
The hog squeals angrily.
Unknown command.
Unknown command.
The wight misses you.
Kirke drinks a potion.
Kirke suddenly seems more agile.
The hog squeals angrily.
The slime creature hits your orc skeleton.
Your orc skeleton is destroyed!
The orc wizard shouts!
The slime creature quivers.
You hear an angry squeal.
The hog squeals angrily. x3
Unknown command.
You flicker for a moment.
You flicker back into view.
Kirke gestures at you while chanting. You resist with almost no effort.
You open the door.
An adder comes into view.
There is an open door here.
The adder hisses angrily.
You open the door. The adder completely misses you.
The adder barely misses you.
There is an open door here.
You hit the adder.
The adder is moderately wounded.
The adder bites you but does no damage.
Kirke throws some weird powder.
The adder closely misses you.
Cast which spell? (? or * to list)
A chill wind blows around you. The adder barely misses you.
The adder bites you.
Casting: Summon Ice Beast (safe; 6% risk of failure)
Confirm with . or Enter, or press ? or * to list all spells.
A chill wind blows around you. The adder closely misses you.
Kirke shouts, "You pig!
I'll make you look the way you deserve."
Casting: Summon Ice Beast (safe; 6% risk of failure)
Confirm with . or Enter, or press ? or * to list all spells.
You miscast Summon Ice Beast.
Distant voices call out to you! The adder bites you but does no damage.
Kirke points at you and mumbles some strange words.
You resist with almost no effort.
Your ice beast hits Kirke.
Your ice beast freezes Kirke!
Unknown command.
Wield which item (- for none, * to show all)? (? for menu, Esc to quit)
You feel magic leave you.
b - the +5 demon whip "Spellbinder" (weapon)
{antimagic, MR+} The adder completely misses you.
Unknown command.
Unknown command.
You thrash Kirke!!
Kirke's magic leaks into the air.
Kirke evaporates and reforms as a caustic shrike!
Your bite misses Kirke.
Kirke is lightly wounded.
Kirke claws you.
You are splashed with acid!
The acid burns!
The adder completely misses you.
Your ice beast completely misses Kirke.
Your ice beast completely misses the adder.
You closely miss Kirke. You bite Kirke, but do no damage.
Kirke is lightly wounded.
Kirke claws you.
You are splashed with acid!
The acid burns!
The adder bites you.
Your ice beast barely misses Kirke.
Kirke claws you!!
You are splashed with acid!
The acid burns!
* * * LOW HITPOINT WARNING * * *
Your ice beast completely misses the adder.
The adder bites your ice beast. Kirke closely misses you.
Your ice beast hits the adder.
Your ice beast freezes the adder!
The adder seems to slow down.
The adder dies!
Okawaru accepts your kill.
Unknown command.
Kirke completely misses you.
Your ice beast hits Kirke.
Your ice beast freezes Kirke.
Kirke resists.
Kirke claws you!!
* * * LOW HITPOINT WARNING * * *
You are splashed with acid!
The acid burns!
You die...

####.....#.........###'#
#.....#.......@......
#.....#..........=...
#.....###'######...[.
#.....# #.# ####)#
#.....# #.# #.# #.....#
#.# #.# #.....# #.# #)#
#...@b###'### #))
####...Y†...# ###
####Y....+ ... #.....##
###### #......###.....
#..............
+..........####
#..........####
###(.#..#####..


You could see Kirke the caustic shrike and 2 friendly ice beasts.

Vanquished Creatures
  Pikel (D:6)
  An ugly thing (D:12)
  A cyclops (D:12)
  A centaur skeleton (D:10)
  A troll (D:11)
  Prince Ribbit (D:6)
  A spriggan (D:9)
  Grum (D:10)
  3 yaks (D:12)
  2 acid dragons (D:12)
  A soldier ant (D:11)
  Edmund (D:4)
  2 water moccasins
  2 porcupines (D:10)
  2 orc warriors
  2 sky beasts
  3 phantoms
  3 wolves (D:10)
  5 centaurs
  4 ogres
  4 big kobolds
  4 bullfrogs
  A scorpion (D:10)
  7 killer bees
  5 wights (D:12)
  A bullfrog zombie (D:11)
  4 crimson imps
  Crazy Yiuf (D:7)
  5 hounds
  2 orc priests
  4 jellies
  A bullfrog skeleton (D:9)
  An iguana (D:11)
  5 worker ants
  2 orc wizards
  A hound skeleton (D:5)
  A howler monkey zombie (D:10)
  8 adders
  5 river rats (D:5)
  2 worms
  A dart slug (D:1)
  5 leopard geckos
  32 orcs
  2 giant cockroaches
  4 goblins
  6 hobgoblins
  4 jackals
  21 kobolds
  10 quokkas
  3 ball pythons
  11 bats
  3 frilled lizards
  25 rats
229 creatures vanquished.

Vanquished Creatures (collateral kills)
  A hydra (D:11)
  2 two-headed ogres (D:10)
  A tengu warrior (D:12)
  A cyclops (D:11)
  A manticore (D:12)
  Grinder (D:4)
  A hippogriff (D:9)
  An orc warrior (D:8)
  An ogre (D:5)
  An eye of draining (D:12)
  A crocodile (D:12)
  2 bullfrogs
  A killer bee (D:12)
  2 crimson imps (D:11)
  A bullfrog zombie (D:6)
  3 orc priests
  An orc wizard (D:8)
  A worker ant (D:11)
  An adder (D:12)
  A river rat (D:5)
  2 shadow imps
  A leopard gecko (D:9)
  4 orcs
  2 jackals (D:8)
  6 kobolds
  A quokka (D:8)
  A rat (D:5)
42 creatures vanquished.

Vanquished Creatures (others)
  An orc priest (D:11)
  A worker ant (D:6)
  A fungus (D:10)
  2 spectral weapons (D:12)
5 creatures vanquished.

Grand Total: 276 creatures vanquished

Notes
Turn   | Place    | Note
-------+----------+-------------------------------------------
     0 | D:1      | magipi the Gnoll Ice Elementalist began the quest for the Orb.
     0 | D:1      | Reached XP level 1. HP: 13/13 MP: 6/6
   165 | D:1      | Reached XP level 2. HP: 9/19 MP: 1/7
   958 | D:1      | Reached XP level 3. HP: 24/25 MP: 9/9
  1085 | D:2      | Reached skill level 5 in Spellcasting
  1126 | D:2      | Found an iron altar of Okawaru.
  1139 | D:2      | Became a worshipper of Warmaster Okawaru
  1209 | D:2      | Reached skill level 1 in Invocations
  1217 | D:2      | Learned a level 3 spell: Ozocubu's Armour
  1362 | D:2      | Reached skill level 1 in Fighting
  1362 | D:2      | Reached skill level 1 in Short Blades
  1362 | D:2      | Reached skill level 1 in Long Blades
  1362 | D:2      | Reached skill level 1 in Axes
  1362 | D:2      | Reached skill level 1 in Maces & Flails
  1362 | D:2      | Reached skill level 1 in Polearms
  1362 | D:2      | Reached skill level 1 in Staves
  1362 | D:2      | Reached skill level 1 in Slings
  1362 | D:2      | Reached skill level 1 in Bows
  1362 | D:2      | Reached skill level 1 in Crossbows
  1362 | D:2      | Reached skill level 1 in Throwing
  1362 | D:2      | Reached skill level 1 in Armour
  1362 | D:2      | Reached skill level 1 in Shields
  1362 | D:2      | Reached skill level 1 in Unarmed Combat
  1362 | D:2      | Reached skill level 1 in Evocations
  1383 | D:2      | Reached XP level 4. HP: 32/32 MP: 9/11
  2030 | D:3      | Reached skill level 1 in Hexes
  2030 | D:3      | Reached skill level 1 in Charms
  2030 | D:3      | Reached skill level 1 in Summonings
  2030 | D:3      | Reached skill level 1 in Necromancy
  2030 | D:3      | Reached skill level 1 in Translocations
  2030 | D:3      | Reached skill level 1 in Transmutations
  2030 | D:3      | Reached skill level 1 in Fire Magic
  2030 | D:3      | Reached skill level 1 in Air Magic
  2030 | D:3      | Reached skill level 1 in Earth Magic
  2030 | D:3      | Reached skill level 1 in Poison Magic
  2042 | D:3      | Learned a level 4 spell: Summon Ice Beast
  2068 | D:3      | Reached XP level 5. HP: 37/37 MP: 12/12
  2978 | D:4      | Noticed Edmund
  3000 | D:4      | Killed Edmund
  3000 | D:4      | Reached * piety under Okawaru
  3000 | D:4      | Reached XP level 6. HP: 43/44 MP: 5/14
  3109 | D:4      | Noticed Grinder
  3152 | D:4      | Killed Grinder
  3152 | D:4      | Reached skill level 5 in Dodging
  3438 | D:4      | You fall through a shaft for 2 floors!
  3452 | D:6      | Reached XP level 7. HP: 49/50 MP: 7/15
  3460 | D:5      | Entered Level 5 of the Dungeon
  3492 | D:5      | Learned a level 1 spell: Apportation
  3494 | D:5      | Learned a level 1 spell: Animate Skeleton
  3514 | D:5      | Reached ** piety under Okawaru
  3842 | D:6      | Noticed Sigmund
  4057 | D:6      | Reached skill level 5 in Stealth
  4809 | D:4      | Found a bloodstained altar of Trog.
  5161 | D:5      | Reached XP level 8. HP: 38/57 MP: 13/16
  5598 | D:5      | Reached skill level 6 in Spellcasting
  5765 | D:6      | Noticed Prince Ribbit
  5777 | D:6      | Killed Prince Ribbit
  5777 | D:6      | Reached *** piety under Okawaru
  6027 | D:6      | Noticed Pikel
  6043 | D:6      | Killed Pikel
  6043 | D:6      | Reached XP level 9. HP: 38/65 MP: 8/18
  6118 | D:6      | Found a deep blue altar of Sif Muna.
  6412 | D:7      | Found a staircase to the Ecumenical Temple.
  6435 | D:7      | Found a runed door.
  6439 | D:7      | Noticed Crazy Yiuf
  6443 | D:7      | Killed Crazy Yiuf
  6469 | D:7      | Found a shadowy altar of Dithmenos.
  6539 | D:7      | Found a bloodstained altar of Trog.
  7105 | D:8      | Reached **** piety under Okawaru
  7274 | D:8      | Found a sparkling altar of Nemelex Xobeh.
  7275 | D:8      | Found a sacrificial altar of Ru.
  7275 | D:8      | Found an ancient bone altar of Kikubaaqudgha.
  7276 | D:8      | Found a hazy altar of Hepliaklqana.
  7276 | D:8      | Found a blossoming altar of Fedhas.
  7276 | D:8      | Found a stormy altar of Qazlal.
  7276 | D:8      | Found a radiant altar of Vehumet.
  7277 | D:8      | Found a glowing golden altar of the Shining One.
  7618 | D:8      | Found a white marble altar of Elyvilon.
  7849 | D:8      | Learned a level 3 spell: Spectral Weapon
  7853 | D:8      | Learned a level 3 spell: Regeneration
  8097 | D:9      | Found a shimmering altar of Xom.
  8098 | D:9      | Found a shimmering altar of Xom.
  8099 | D:9      | Found a shimmering altar of Xom.
  8211 | D:9      | Found a shimmering altar of Xom.
  8259 | D:9      | Received a gift from Okawaru
  8366 | D:9      | Found a large runed door.
  8366 | D:9      | Found a large runed door.
  8380 | D:9      | Noticed Nib's ghost (journeyman GrFi)
  8683 | D:9      | Reached skill level 5 in Invocations
  8886 | D:10     | Entered Level 10 of the Dungeon
  9027 | D:10     | Noticed Grum
  9037 | D:10     | Killed Grum
  9037 | D:10     | Reached skill level 7 in Spellcasting
  9037 | D:10     | Reached XP level 10. HP: 25/73 MP: 17/20
  9145 | D:10     | Noticed a two-headed ogre
  9152 | D:10     | Killed a two-headed ogre
  9152 | D:10     | Reached skill level 5 in Fighting
  9152 | D:10     | Reached skill level 5 in Short Blades
  9152 | D:10     | Reached skill level 5 in Long Blades
  9152 | D:10     | Reached skill level 5 in Axes
  9152 | D:10     | Reached skill level 5 in Maces & Flails
  9152 | D:10     | Reached skill level 5 in Polearms
  9152 | D:10     | Reached skill level 5 in Staves
  9152 | D:10     | Reached skill level 5 in Slings
  9152 | D:10     | Reached skill level 5 in Bows
  9152 | D:10     | Reached skill level 5 in Crossbows
  9152 | D:10     | Reached skill level 5 in Throwing
  9152 | D:10     | Reached skill level 5 in Armour
  9152 | D:10     | Reached skill level 5 in Shields
  9152 | D:10     | Reached skill level 5 in Unarmed Combat
  9152 | D:10     | Reached skill level 5 in Evocations
  9244 | D:10     | Reached ***** piety under Okawaru
  9439 | D:10     | Received a gift from Okawaru
  9758 | D:10     | Found a staircase to the Lair.
 10086 | D:10     | Reached skill level 5 in Conjurations
 10098 | D:10     | Noticed a two-headed ogre
 10108 | D:10     | Killed a two-headed ogre
 10503 | D:11     | Found Beto's Weapon Shoppe.
 10801 | D:11     | Noticed a six-headed hydra
 10831 | D:11     | Killed a six-headed hydra
 10831 | D:11     | Received a gift from Okawaru
 10831 | D:11     | Reached XP level 11. HP: 50/81 MP: 7/22
 10920 | D:11     | Noticed a cyclops
 10931 | D:11     | Killed a cyclops
 11367 | D:12     | Noticed a manticore
 11385 | D:12     | Killed a manticore
 11687 | D:12     | Noticed a tengu warrior
 12002 | D:12     | Noticed a cyclops
 12014 | D:12     | Killed a cyclops
 12014 | D:12     | Reached skill level 5 in Hexes
 12014 | D:12     | Reached skill level 5 in Charms
 12014 | D:12     | Reached skill level 5 in Summonings
 12014 | D:12     | Reached skill level 5 in Necromancy
 12014 | D:12     | Reached skill level 5 in Translocations
 12014 | D:12     | Reached skill level 5 in Transmutations
 12014 | D:12     | Reached skill level 5 in Fire Magic
 12014 | D:12     | Reached skill level 5 in Air Magic
 12014 | D:12     | Reached skill level 5 in Earth Magic
 12014 | D:12     | Reached skill level 5 in Poison Magic
 12181 | D:12     | Identified a scroll of acquirement
 12242 | D:12     | Killed a tengu warrior
 12242 | D:12     | Reached skill level 8 in Spellcasting
 12285 | D:12     | Noticed a white ugly thing
 12298 | D:12     | Killed a white ugly thing
 12349 | D:12     | Received a gift from Okawaru
 12350 | D:12     | Found the +5 demon whip "Spellbinder" {antimagic, MR+}
 12728 | D:12     | Noticed Kirke
 12730 | D:12     | Noticed a deep elf mage
 12731 | D:12     | Found a staircase to the Orcish Mines.
 12771 | D:12     | Noticed Kirke
 12771 | D:12     | Kirke changed into Kirke the caustic shrike
 12775 | D:12     | HP: 3/81 [Kirke the caustic shrike (18)]
 12775 | D:12     | Splashed by Kirke the caustic shrike's acid

Vault maps used:
D:1:      minmay_arrival_doors
D:2:      okawaru_ov_weapons_minmay
D:4:      serial_glass, glass_columns_b, glass_columns_b, trog_hazing_becter,
          uniq_edmund, uniq_grinder
D:5:      lemuel_ratsnest, first_ration
D:6:      nicolae_overflow_hidden_temple, uniq_prince_ribbit1, uniq_pikel,
          uniq_sigmund
D:7:      grunt_dithmenos_smoke, nicolae_overflow_crystal_walls,
          minmay_temple_entry_glass, fountainhead, uniq_crazy_yiuf_cottage
D:8:      elyvilon_altar_3, grunt_temple_overflow_open, serial_corexii_hall,
          corexii_hall_statues_u, corexii_hall_statues_l
D:9:      xom_redecorated, ebering_ghost_disaster_area, grunt_pizzeria
D:10:     grunt_lair_entry_orc_guard_hut, uniq_grum
D:11:     serial_shops, shop_coins
D:12:     minmay_orc_entry_temple_small, uniq_kirke

Skill      XL: |  1  2  3  4  5  6  7  8  9 10 11 |
---------------+----------------------------------+-----
Conjurations   | 2 3 4 5 |  5.6
Spellcasting   | 5 6 7 8 |  8.1
Invocations    | 1 2 3 4 5 6 |  6.8
Fighting       | 1 2 3 4 5 6 |  6.2
Short Blades   | 1 2 3 4 5 6 |  6.2
Long Blades    | 1 2 3 4 5 6 |  6.2
Axes           | 1 2 3 4 5 6 |  6.2
Maces & Flails | 1 2 3 4 5 6 |  6.2
Polearms       | 1 2 3 4 5 6 |  6.2
Staves         | 1 2 3 4 5 6 |  6.2
Slings         | 1 2 3 4 5 6 |  6.2
Bows           | 1 2 3 4 5 6 |  6.2
Crossbows      | 1 2 3 4 5 6 |  6.2
Throwing       | 1 2 3 4 5 6 |  6.2
Armour         | 1 2 3 4 5 6 |  6.2
Shields        | 1 2 3 4 5 6 |  6.2
Unarmed Combat | 1 2 3 4 5 6 |  6.2
Evocations     | 1 2 3 4 5 6 |  6.2
Hexes          | 1 2 3 4 5 |  5.1
Charms         | 1 2 3 4 5 |  5.1
Summonings     | 1 2 3 4 5 |  5.1
Necromancy     | 1 2 3 4 5 |  5.1
Translocations | 1 2 3 4 5 |  5.1
Transmutations | 1 2 3 4 5 |  5.1
Fire Magic     | 1 2 3 4 5 |  5.1
Air Magic      | 1 2 3 4 5 |  5.1
Earth Magic    | 1 2 3 4 5 |  5.1
Poison Magic   | 1 2 3 4 5 |  5.1
Dodging        | 5 6 7 |  7.8
Stealth        | 5 6 7 |  7.6
Ice Magic      | 6 7 |  7.6

Action                   |  1- 3 |  4- 6 |  7- 9 | 10-12 || total
-------------------------+-------+-------+-------+-------++-------
Melee: Unarmed           |     3 |       |       |       ||     3
       Dagger            |    20 |    30 |   112 |    42 ||   204
       Bite              |     1 |     3 |    11 |    30 ||    45
       Quarterstaff      |       |       |    67 |   111 ||   178
       Punch             |       |       |       |     1 ||     1
       Executioner's axe |       |       |       |    66 ||    66
       Demon whip        |       |       |       |    10 ||    10
       Trident           |       |       |       |     6 ||     6
 Fire: Hand crossbow     |       |       |    60 |    43 ||   103
Throw: Throwing net      |       |       |     1 |       ||     1
 Cast: Freeze            |    35 |    47 |    76 |    11 ||   169
       Summon Ice Beast  |       |     5 |    13 |    28 ||    46
       Animate Skeleton  |       |       |    38 |    28 ||    66
       Apportation       |       |       |     2 |       ||     2
       Regeneration      |       |       |     3 |    16 ||    19
       Spectral Weapon   |       |       |       |     4 ||     4
       Ozocubu's Armour  |       |       |       |     1 ||     1
Invok: Heroism           |       |       |     2 |     3 ||     5
  Use: Scroll            |       |     7 |    15 |     6 ||    28
       Potion            |       |     1 |     2 |     2 ||     5
 Stab: Sleeping          |     8 |     3 |    18 |    14 ||    43
       Distracted        |       |       |     5 |     4 ||     9
       Confused          |       |       |     1 |       ||     1
       Invisible         |       |       |       |     1 ||     1
  Eat: Chunk             |     1 |     3 |    20 |    12 ||    36
       Ration            |       |     1 |       |     1 ||     2
Armor: Robe              |     5 |    11 |    49 |    55 ||   120
Dodge: Dodged            |    26 |    52 |   211 |   270 ||   559

Table legend:
 A = Spawn XP
 B = Non-spawn XP
 C = Spawn XP percentage of total XP
 D = Spawn monster count
 E = Non-spawn monster count
 F = Spawn count percentage of total count
 G = Total turns spent on level
                    A         B        C        D         E        F      G
               +---------+---------+-------+---------+---------+-------+---------
         Total |       0 |   13867 |   0.0 |       0 |     272 |   0.0 | 12775
               +---------+---------+-------+---------+---------+-------+---------
           D:1 |       0 |      34 |   0.0 |       0 |      19 |   0.0 |  1009
           D:2 |       0 |      73 |   0.0 |       0 |      26 |   0.0 |   840
           D:3 |       0 |      86 |   0.0 |       0 |      13 |   0.0 |   990
           D:4 |       0 |     512 |   0.0 |       0 |      14 |   0.0 |  1234
           D:5 |       0 |     634 |   0.0 |       0 |      44 |   0.0 |  1290
           D:6 |       0 |    1250 |   0.0 |       0 |      10 |   0.0 |   929
           D:7 |       0 |     280 |   0.0 |       0 |      12 |   0.0 |   886
           D:8 |       0 |     424 |   0.0 |       0 |      14 |   0.0 |   855
           D:9 |       0 |     981 |   0.0 |       0 |      23 |   0.0 |   853
          D:10 |       0 |    3810 |   0.0 |       0 |      36 |   0.0 |  1486
          D:11 |       0 |    2185 |   0.0 |       0 |      26 |   0.0 |  1200
          D:12 |       0 |    3598 |   0.0 |       0 |      35 |   0.0 |  1203
               +---------+---------+-------+---------+---------+-------+---------

Action                   |  1- 3 |  4- 6 |  7- 9 | 10-12 || total
-------------------------+-------+-------+-------+-------++-------
Melee: Unarmed           |     3 |       |       |       ||     3
       Dagger            |    20 |    30 |   112 |    42 ||   204
       Bite              |     1 |     3 |    11 |    30 ||    45
       Quarterstaff      |       |       |    67 |   111 ||   178
       Punch             |       |       |       |     1 ||     1
       Executioner's axe |       |       |       |    66 ||    66
       Demon whip        |       |       |       |    10 ||    10
       Trident           |       |       |       |     6 ||     6
 Fire: Hand crossbow     |       |       |    60 |    43 ||   103
Throw: Throwing net      |       |       |     1 |       ||     1
 Cast: Freeze            |    35 |    47 |    76 |    11 ||   169
       Summon Ice Beast  |       |     5 |    13 |    28 ||    46
       Animate Skeleton  |       |       |    38 |    28 ||    66
       Apportation       |       |       |     2 |       ||     2
       Regeneration      |       |       |     3 |    16 ||    19
       Spectral Weapon   |       |       |       |     4 ||     4
       Ozocubu's Armour  |       |       |       |     1 ||     1
Invok: Heroism           |       |       |     2 |     3 ||     5
  Use: Scroll            |       |     7 |    15 |     6 ||    28
       Potion            |       |     1 |     2 |     2 ||     5
 Stab: Sleeping          |     8 |     3 |    18 |    14 ||    43
       Distracted        |       |       |     5 |     4 ||     9
       Confused          |       |       |     1 |       ||     1
       Invisible         |       |       |       |     1 ||     1
  Eat: Chunk             |     1 |     3 |    20 |    12 ||    36
       Ration            |       |     1 |       |     1 ||     2
Armor: Robe              |     5 |    11 |    49 |    55 ||   120
Dodge: Dodged            |    26 |    52 |   211 |   270 ||   559
